 Dungeon Crawl Stone Soup version 0.31-a0-358-gac0dbeb3ab (webtiles) character file.

Game seed: 2094903798009028094

1998 billz999 the Destroyer (level 9, -3/45 HPs)
             Began as a Tengu Air Elementalist on July 25, 2023.
             Was an Initiate of Ru.
             Killed by their own static electricity (5 damage)
             ... on level 7 of the Dungeon.
             The game lasted 00:17:04 (7600 turns).

billz999 the Destroyer (Tengu Air Elementalist)     Turns: 7600, Time: 00:17:04

Health: -3/45      AC:  2    Str:  8    XL:     9   Next: 21%
Magic:  7/17       EV: 20    Int: 19    God:    Ru [......]
Gold:   419        SH:  0    Dex: 16    Spells: 3/18 levels left

rFire   . . .        s - staff of conjuration
rCold   + . .        (no shield)
rNeg    . . .        a - +0 robe
rPois   .            (helmet restricted)
rElec   .            (no cloak)
rCorr   .            (no gloves)
SInv    .            (boots unavailable)
Will    .....        r - amulet of the acrobat
Stlth   ++           f - ring of protection from cold
HPRegen 0.27/turn    w - +5 ring of evasion
MPRegen 0.15/turn

%: acrobat
@: flying quickly and evasively, quick
A: beak, talons 3, nimble flight
a: Renounce Religion


You were on level 7 of the Dungeon.
You worshipped Ru.
Ru was noncommittal.
You visited 1 branch of the dungeon, and saw 8 of its levels.

You collected 419 gold pieces.

Inventory:

Hand Weapons
 c - a +2 dagger of speed
 k - a +2 heavy hand axe
Armour
 a - a +0 robe (worn)
Magical Staves
 s - a staff of conjuration (weapon)
Jewellery
 f - a ring of protection from cold (left hand)
 r - an amulet of the acrobat (around neck)
 w - a +5 ring of evasion (right hand)
 x - a +6 ring of strength
Scrolls
 d - 2 scrolls of revelation
 j - 5 scrolls of teleportation
 n - 2 scrolls of noise
 o - 2 scrolls of blinking {unknown}
 p - a scroll of fear {unknown}
 q - a scroll of fog {unknown}
Potions
 b - a potion of magic
 e - 4 potions of enlightenment
 g - 2 potions of curing
 h - 2 potions of might
 i - 3 potions of ambrosia
 l - 2 potions of lignification
 m - 2 potions of berserk rage
 t - a potion of cancellation {unknown}
 u - a potion of attraction {unknown}
 v - a potion of brilliance {unknown}


   Skills:
 - Level 2.2 Dodging
 - Level 2.0 Stealth
 + Level 5.0 Spellcasting
 * Level 12.4 Conjurations
 - Level 7.0 Air Magic


You had 3 spell levels left.
You knew the following spells:

 Your Spells              Type           Power      Damage    Failure   Level
a - Shock                 Conj/Air       100%       1d9       1%          1
b - Static Discharge      Conj/Air       100%       2-7/arc   1%          2
c - Orb of Destruction    Conj           34%        9d10      52%         7
d - Iskenderun's Battles  Conj           68%        2d12      1%          5

Your spell library contained the following spells:

 Spells                   Type           Power      Damage    Failure   Level
 Swiftness                Air            31%        N/A       1%          3
 Tukima's Dance           Hex            4%         N/A       36%         3
 Airstrike                Air            15%        2d(3-19)  7%          4
 Fireball                 Conj/Fire      21%        3d10      26%         5
 Conjure Ball Lightning   Conj/Air       29%        3x3d8     34%         6
 Passage of Golubria      Tloc           4%         N/A       77%         4
 Yara's Violent Unravell  Hex/Tmut       2%         3d3       98%         5


Dungeon Overview and Level Annotations

Branches:
Dungeon (8/15)             Temple (0/1) D:7
   Lair: D:8-11

Altars:
Dithmenos
Elyvilon
Qazlal
Ru
Sif Muna
Xom

Annotations:
D:5 3 runed translucent doors, GiantSquids's ghost, amateur FeBe
D:6 2 transporters, coffeetime's ghost, amateur DjFE
D:8 Grum


Innate Abilities, Weirdness & Mutations

You have a beak for a mouth.
You have claws for feet.
Your magical nature lets you fly swiftly and evasively.


Message History

Casting: Shock (safe; 1% risk of failure)
Confirm with . or Enter, or press ? or * to list all spells.
Aiming: Shock (safe; 1% risk of failure)
Press: ? - help, Shift-Dir - straight line
Okay, then.
The wolf misses you. x2
Casting: Shock (safe; 1% risk of failure)
Confirm with . or Enter, or press ? or * to list all spells.
Aiming: Shock (safe; 1% risk of failure)
Press: ? - help, Shift-Dir - straight line You feel a surge of power!
The zap hits the wolf.
The wolf is moderately wounded.
The wolf bites you!
Unknown command.
Casting: Shock (safe; 1% risk of failure)
Confirm with . or Enter, or press ? or * to list all spells.
You feel a surge of power!
The wolf is struck by an arc of lightning.
The wolf is heavily wounded.
You are struck by an arc of lightning.
The lightning grounds out.
The wolf misses you. The wolf bites you!
Casting: Static Discharge (safe; 1% risk of failure)
Confirm with . or Enter, or press ? or * to list all spells.
You feel a surge of power!
The wolf is struck by an arc of lightning.
The wolf is heavily wounded.
You are struck by an arc of lightning.
The lightning grounds out.
The wolf closely misses you. The wolf bites you!
* * * LOW HITPOINT WARNING * * *
Casting: Static Discharge (safe; 1% risk of failure)
Confirm with . or Enter, or press ? or * to list all spells.
You feel a surge of power!
The wolf is struck by an arc of lightning!
The wolf is almost dead.
You are struck by an arc of lightning.
* * * LOW HITPOINT WARNING * * *
The wolf is struck by an arc of lightning.
You kill the wolf!
You are struck by an arc of lightning.
You die...

#...........#...#
#...........#...########
#...........#...#.#.#.#.
#............#.#.#.#.#.#
#####.#.#.#.#.#.#.#.#.#.
#.#.#.#.#.#.#.#.#.#.#
##.#.#.#.#.#.#.#.#.#.
#.#.#.#.#.#.#.#.#.#.#
##.#@>.#.#.#.#.#.#.#.
#.#.#.#.#.#.#.#.#.#.#
##.#.#.#.#.#.#.#.#.#.
#.#.#.#.#.#.#.#.#.#.#
##.#.#.#.#.#.#.#.#.#.
##########.#.#.#.#.#.#.#'#.#.#
#.............#.#.#.#.#.....#.
#..............#.#.#.#.....#.#
#.............#.#.#.#.#.....#.


There were no monsters in sight!

Vanquished Creatures
  5 ice beasts
  An orc warrior (D:7)
  A black bear (D:5)
  A wolf (D:7)
  A centaur (D:7)
  A phantom (D:5)
  A bullfrog (D:7)
  A kobold brigand (D:6)
  4 scorpions
  3 wights (D:6)
  A howler monkey (D:6)
  3 hounds
  2 orc priests
  A jelly (D:4)
  5 iguanas
  3 orc wizards (D:6)
  8 gnolls (D:4)
  5 adders
  A shadow imp (D:5)
  2 white imps
  2 worms (D:3)
  11 orcs
  2 ball pythons
  6 endoplasms
  3 giant cockroaches
  4 goblins
  6 hobgoblins
  9 jackals
  4 quokkas
  9 bats
  4 frilled lizards
  10 kobolds
  3 rats
  A butterfly (D:7)
124 creatures vanquished.

Notes
Turn   | Place    | Note
-------+----------+-------------------------------------------
     0 | D:1      | billz999 the Tengu Air Elementalist began the quest for the
                  | Orb.
     0 | D:1      | Reached XP level 1. HP: 10/10 MP: 4/4
   257 | D:1      | Reached skill level 2 in Conjurations
   257 | D:1      | Reached XP level 2. HP: 15/15 MP: 3/6
   855 | D:1      | Reached XP level 3. HP: 19/19 MP: 5/7
   953 | D:1      | Learned a level 2 spell: Static Discharge
  1153 | D:1      | Reached skill level 3 in Conjurations
  1660 | D:2      | You fall into a shaft and drop 1 floor!
  2023 | D:3      | Reached XP level 4. HP: 24/24 MP: 5/8
  2224 | D:3      | Found a shimmering altar of Xom.
  2402 | D:4      | Noticed a scorpion
  2407 | D:4      | Noticed a scorpion
  2408 | D:4      | Killed a scorpion
  2409 | D:4      | Reached skill level 4 in Conjurations
  2409 | D:4      | Reached skill level 5 in Air Magic
  2409 | D:4      | Gained mutation: Your magical nature lets you fly swiftly
                  | and evasively. [Tengu growth]
  2409 | D:4      | Reached XP level 5. HP: 17/28 MP: 3/10
  2523 | D:4      | Reached skill level 5 in Conjurations
  2639 | D:4      | Reached XP level 6. HP: 32/32 MP: 4/11
  2716 | D:4      | Upgraded the game from 0.31-a0-355-g57cb03d3e8 to
                  | 0.31-a0-358-gac0dbeb3ab
  3183 | D:4      | Reached skill level 6 in Conjurations
  3599 | D:4      | Reached XP level 7. HP: 33/36 MP: 5/13
  3892 | D:5      | Entered Level 5 of the Dungeon
  3892 | D:5      | Found a runed translucent gate.
  3902 | D:5      | Reached skill level 7 in Conjurations
  3929 | D:5      | Noticed GiantSquids's ghost (amateur FeBe)
  4374 | D:5      | Found a white marble altar of Elyvilon.
  4461 | D:5      | Reached skill level 8 in Conjurations
  4554 | D:5      | Found a runed translucent gate.
  4554 | D:5      | Found a runed translucent gate.
  4602 | D:5      | Identified the +1 scale mail of the Other Side {Str+2
                  | Stlth+}
  4682 | D:5      | Reached XP level 8. HP: 41/41 MP: 9/15
  4847 | D:5      | Found a shimmering blue altar of Sif Muna.
  4882 | D:5      | Learned a level 7 spell: Orb of Destruction
  4888 | D:5      | Learned a level 5 spell: Iskenderun's Battlesphere
  5086 | D:5      | Found a shadowy altar of Dithmenos.
  5526 | D:6      | Reached skill level 9 in Conjurations
  5862 | D:6      | Reached skill level 10 in Conjurations
  5920 | D:6      | Noticed coffeetime's ghost (amateur DjFE)
  5930 | D:6      | Found a transporter.
  5934 | D:6      | Found a transporter.
  6356 | D:6      | Reached skill level 11 in Conjurations
  6602 | D:6      | Found a sacrificial altar of Ru.
  6683 | D:6      | Found a stormy altar of Qazlal.
  6695 | D:6      | Noticed a water elemental
  6695 | D:6      | Noticed an air elemental
  6782 | D:6      | Became a worshipper of Ru the Awakened
  6822 | D:7      | Reached XP level 9. HP: 28/45 MP: 2/16
  6916 | D:7      | Identified a scroll of acquirement
  6917 | D:7      | Acquired a staff of conjuration
  7159 | D:7      | Reached skill level 12 in Conjurations
  7283 | D:7      | Found a staircase to the Ecumenical Temple.
  7395 | D:7      | Reached skill level 5 in Spellcasting
  7589 | D:8      | Noticed Grum
  7600 | D:7      | HP: 2/45 [/static electricity (5)]
  7600 | D:7      | Killed from afar by themself

Illustrated notes

Levels and vault maps discovered:
D:1:      mrwooster_arrival_statue_2, layout_basic, st_stairs_10,
          minmay_pentomino_o4
D:2:      layout_loops_ring
D:3:      layout_rooms, xom_butterflies, serial_park_tiny_pond,
          nicolae_figureground_sparkle
D:4:      layout_loops_ring, nicolae_the_louvre
D:5:      layout_gridville, mainiacjoe_overflow_brackets,
          lemuel_coloured_pillars_altar, elyvilon_altar_3,
          serial_co_window_serial, co_window_corner_a, co_window_paths_a,
          co_window_cross_1, co_window_of_opportunity_a, co_window_corner_a,
          co_window_2corner, co_window_unsneaky_path_c, co_window_corner_ca,
          co_window_4corner_b, glass_columns_b, glass_columns_a,
          gammafunk_ghost_nasty_kobolds
D:6:      layout_rooms, nicolae_qazlal_style_of_elements,
          mainiacjoe_overflow_24_doors, gammafunk_ghost_hive
D:7:      layout_basic, minmay_temple_entry_butterflies
D:8:      layout_basic, lemuel_tele_altar, kennysheep_little_box, zin_purify,
          uniq_grum

Skill      XL: |  1  2  3  4  5  6  7  8  9 |
---------------+----------------------------+-----
Conjurations   | 2 3 4 5 6 8 11 12 | 12.4
Air Magic      | 5 6 7 |  7.0
Spellcasting   | 3 4 5 |  5.0
Dodging        | |  2.2
Stealth        | |  2.0

Action                     |  1- 3 |  4- 6 |  7- 9 || total
---------------------------+-------+-------+-------++-------
  Melee: Dagger            |     9 |       |     4 ||    13
         Peck              |     1 |       |     1 ||     2
         Kick              |     1 |       |     1 ||     2
         Staff             |       |       |     1 ||     1
   Cast: Shock             |    88 |    90 |   135 ||   313
         Static Discharge  |       |     2 |    44 ||    46
    Use: Scroll            |     3 |       |     6 ||     9
         Potion            |       |       |     2 ||     2
 Armour: Robe              |     8 |     4 |     2 ||    14
  Dodge: Dodged            |     8 |    25 |    47 ||    80

Table legend: (Time is in decaauts)
 A = Elapsed time spent in this place.
 B = Non-inter-level travel time spent in this place.
 C = Inter-level travel time spent in this place.
 D = Time resting spent in this place.
 E = Time spent auto-exploring this place.
 F = Levels seen in this place.
 G = Mean time per level.
                   A        B        C        D        E       F      G
               +--------+--------+--------+--------+--------+-----+--------+
         Total |   7331 |   7154 |    177 |   1547 |   4875 |   8 |  916.4 |
       Dungeon |   7331 |   7154 |    177 |   1547 |   4875 |   8 |  916.4 |
               +--------+--------+--------+--------+--------+-----+--------+

Top non-repeatable levels by time:
     D:1: 1620 daAuts
     D:5: 1379 daAuts
     D:6: 1371 daAuts
     D:4: 1225 daAuts
     D:3: 945 daAuts
     D:7: 746 daAuts
     D:2: 34 daAuts
     D:8: 7 daAuts
